 Dungeon Crawl Stone Soup version 0.27-a0-1416-g941b2bd30b (webtiles) character file.

Game seed: 4305842784345166974

45039 sokol815 the Severer (level 13, -13/93 HPs)
             Began as a Demonspawn Fighter on July 2, 2021.
             Was an Initiate of Gozag.
             Killed by divine providence
             ... invoked by a meliai
              (15 damage)
             ... on level 13 of the Dungeon.
             The game lasted 00:45:09 (22679 turns).

sokol815 the Severer (Demonspawn Fighter)          Turns: 22679, Time: 00:45:10

Health: -13/93     AC: 24    Str: 17    XL:     13   Next: 99%
Magic:  13/13      EV: 13    Int: 16    God:    Gozag
Gold:   1071       SH: 15    Dex: 21    Spells: 1/12 levels left

rFire    . . .     SeeInvis .   b - +4 flail
rCold    + . .     Faith    .   r - +0 buckler
rNeg     + . .     Spirit   .   t - +7 leather armour "Byidiclu" {rC+}
rPois    .         Reflect  +   (helmet restricted)
rElec    .         Harm     .   u - +2 cloak
rCorr    +         Rampage  .   M - +2 pair of gloves {Dex+3}
Will     +....                  z - +2 pair of boots {Stlth+}
Stlth    +++.......             l - amulet "Raoggav" {Reflect Will+ SH+5}
HPRegen  0.25/turn              Q - +4 ring of slaying
MPRegen  0.13/turn              d - ring of Haecal {rN+ rCorr Int+3 Dex+4}

@: about to teleport, gold aura
A: antennae 2, icemail 1, spiny 2, sharp scales 1, condensation shield
a: Renounce Religion, Potion Petition, Call Merchant, Bribe Branch


You were on level 13 of the Dungeon.
You worshipped Gozag.
Gozag was most pleased with you.
You visited 3 branches of the dungeon, and saw 20 of its levels.

You collected 5188 gold pieces.
You spent 1071 gold pieces at shops.
You paid 3046 gold pieces to Gozag.

Inventory:

Hand Weapons
 a - a +1 war axe of electrocution
   (You took it off an orc on level 9 of the Dungeon)
 b - a +4 flail (weapon)
   (You took it off an orc on level 8 of the Dungeon)
 g - a +3 dagger
   (You took it off a goblin on level 1 of the Dungeon)
 W - a +6 war axe
   (You took it off Urug on level 1 of the Lair of Beasts)
Missiles
 v - 77 poisoned darts
 O - 5 boomerangs of dispersal {=f}
 T - 47 bolts
Armour
 c - a +0 kite shield
 r - a +0 buckler (worn)
   (You found it on level 5 of the Dungeon)
 t - the +7 leather armour "Byidiclu" (worn) {rC+}
   (You found it on level 5 of the Dungeon)

   rC:        It protects you from cold.
 u - a +2 cloak (worn)
   (You took it off Maurice on level 9 of the Dungeon)
 x - a +1 ring mail of fire resistance
   (You found it on level 10 of the Dungeon)
 z - a +2 pair of boots of stealth (worn)
   (You bought it in a shop on level 8 of the Dungeon)
 M - a +2 pair of gloves of dexterity (worn)
   (You bought it in a shop on level 9 of the Dungeon)
 V - a scarf of shadows
   (You found it on level 6 of the Lair of Beasts)
Magical Staves
 E - a staff of fire {rF+}
   (You found it on level 2 of the Lair of Beasts)
Jewellery
 d - the ring of Haecal (right hand) {rN+ rCorr Int+3 Dex+4}
   (You acquired it on level 6 of the Dungeon)

   [ring of positive energy]

   Int:       It affects your intelligence (+3).
   Dex:       It affects your dexterity (+4).
   rN:        It protects you from negative energy.
   rCorr:     It protects you from acid and corrosion.
 l - the amulet "Raoggav" (around neck) {Reflect Will+ SH+5}
   (You bought it in a shop on level 11 of the Dungeon)

   [amulet of reflection]

   It reflects blocked missile attacks.
   SH:        It affects your SH (+5).
   Will:      It increases your willpower.
 C - a ring of protection from cold {rC+, !d}
   (You found it on level 4 of the Lair of Beasts)
 Q - a +4 ring of slaying (left hand)
   (You found it on level 3 of the Dungeon)
 R - a ring of flight {+Fly, !d}
   (You found it on level 5 of the Lair of Beasts)
Wands
 e - a wand of charming (15)
   (You found it on level 6 of the Dungeon)
 h - a wand of acid (7)
   (You took it off an orc warrior on level 9 of the Dungeon)
 i - a wand of iceblast (19)
   (You found it on level 2 of the Lair of Beasts)
 j - a wand of polymorph (20)
   (You found it on level 6 of the Dungeon)
 p - a wand of paralysis (22)
   (You took it off Maurice on level 9 of the Dungeon)
 q - a wand of flame (58)
   (You found it on level 5 of the Dungeon)
 y - a wand of mindburst (7)
   (You found it on level 11 of the Dungeon)
Scrolls
 k - a scroll of amnesia
 D - a scroll of blinking {!r}
 K - 2 scrolls of immolation {!r}
 S - a scroll of fog
 X - 4 scrolls of magic mapping {@r4!r}
 Y - 7 scrolls of teleportation {@r3}
Potions
 f - 2 potions of berserk rage {unknown}
 m - 3 potions of attraction {unknown}
 B - 2 potions of brilliance
 H - 6 potions of haste
 J - 5 potions of curing {@q1}
 L - 4 potions of flight
 P - 3 potions of lignification {!q}
 U - 3 potions of mutation {!q}
Miscellaneous
 w - a phial of floods
   (You found it on level 6 of the Lair of Beasts)


   Skills:
 - Level 6.0 Fighting
 - Level 3.5 Short Blades
 - Level 16.0 Axes
 - Level 3.0 Armour
 - Level 3.0 Dodging
 - Level 4.0 Shields
 * Level 11.1 Conjurations
 - Level 8.0 Hexes
 - Level 4.0 Fire Magic


You had one spell level left.
You knew the following spells:

 Your Spells              Type           Power      Damage    Failure   Level
a - Fulminant Prism       Conj/Hex       15%        3d11      6%          4
b - Orb of Destruction    Conj           17%        9d8       95%         7

Your spell library contained the following spells:

 Spells                   Type           Power      Damage    Failure   Level
 Magic Dart               Conj           100%       1d8       1%          1
 Shock                    Conj/Air       68%        1d7       3%          1
 Animate Skeleton         Necr           0%         N/A       30%         1
 Beastly Appendage        Tmut           0%         N/A       30%         1
 Freeze                   Ice            0%         1d3       30%         1
 Pain                     Necr           0%         1d4       30%         1
 Searing Ray              Conj           70%        3d5       1%          2
 Dazzling Flash           Conj/Hex       60%        N/A       1%          3
 Static Discharge         Conj/Air       17%        N/A       4%          2
 Iskenderun's Battlesphe  Conj           35%        2d9       9%          5
 Portal Projectile        Hex/Tloc       24%        N/A       17%         3
 Mephitic Cloud           Conj/Pois/Air  11%        N/A       21%         3
 Hailstorm                Conj/Ice       17%        3d6       30%         4
 Iskenderun's Mystic Bla  Conj/Tloc      17%        2d5       30%         4
 Fireball                 Conj/Fire      12%        3d7       36%         5
 Call Imp                 Summ           0%         N/A       41%         2
 Wereblood                Tmut           0%         N/A       41%         2
 Leda's Liquefaction      Hex/Erth       6%         N/A       50%         4
 Call Canine Familiar     Summ           0%         N/A       65%         3
 Frozen Ramparts          Ice            0%         1d2       65%         3
 Spider Form              Tmut/Pois      0%         N/A       65%         3
 Swiftness                Air            0%         N/A       65%         3
 Lightning Bolt           Conj/Air       8%         1d21      65%         5
 Starburst                Conj/Fire      12%        8x6d5     90%         6
 Airstrike                Air            0%         N/A       96%         4
 Animate Dead             Necr           0%         N/A       96%         4
 Conjure Ball Lightning   Conj/Air       8%         3x3d6     99%         6
 Lee's Rapid Deconstruct  Erth           0%         3d5*      100%        5
 Maxwell's Capacitive Co  Air            0%         ∞         100%        8
 Chain Lightning          Conj/Air       8%         3d11      100%        9


Dungeon Overview and Level Annotations

Branches:
Dungeon (12/15)            Temple (1/1) D:7            Lair (6/6) D:9
 Shoals (0/4) Lair:3       Spider (0/4) Lair:3        Slime (0/5) Lair:6
    Orc: D:9-12

Altars:
Ashenzari
Dithmenos
Fedhas
Gozag
Hepliaklqana
Kikubaaqudgha
Makhleb
Okawaru
Ru
Sif Muna
Trog
Vehumet
Wu Jian
Jiyva

Shops:
D:8 [   D:9 *[   D:11 =(

Portals:
Abyss: D:5

Annotations:
Lair:5 2 transporters, Isouggaj's ghost, journeyman BaIE


Innate Abilities, Weirdness & Mutations

You have a pair of antennae on your head.
A meltable icy envelope protects you from harm. (AC +4)
You are mostly covered in sharp spines.
You are partially covered in razor-sharp scales. (AC +1, Slay +1)
A meltable shield of frost defends you. (SH +4)


Message History

The orc warrior hits you from afar with a +0 glaive!!
The meliai calls upon its god to heal the meliai.
The meliai is healed somewhat.
The six-headed hydra bites you but does no damage.
The six-headed hydra bites you.
The six-headed hydra bites you but does no damage.
The six-headed hydra closely misses you.
The six-headed hydra bites you.
The six-headed hydra bites you but does no damage.
The meliai hits you with a +0 war axe. You block the meliai's attack.
You take 35 damage, and have 37/93 hp.
MASSIVE DAMAGE!!
As you read the scroll of teleportation {@r3}, it crumbles to dust.
You feel strangely unstable.
The meliai calls upon its god to heal the meliai.
The meliai is healed somewhat.
You block the meliai's attack.
The meliai stings you but does no damage.
You block the orc warrior's attack.
The six-headed hydra is struck by your spines.
The six-headed hydra bites you but does no damage.
The six-headed hydra closely misses you.
The six-headed hydra barely misses you. The six-headed hydra bites you.
The six-headed hydra barely misses you.
You block the six-headed hydra's attack.
The meliai is struck by your spines. The meliai misses you.
The meliai closely misses you.
A seven-headed hydra comes into view.
You take 3 damage, and have 34/93 hp.
You feel much better.
A centaur opens the door.
The meliai completely misses you. The meliai misses you.
The centaur wields a shortbow.
The centaur shoots an arrow.
The arrow hits you but does no damage.
A centaur warrior comes into view.
The six-headed hydra bites you but does no damage.
The six-headed hydra bites you.
The six-headed hydra bites you but does no damage.
You block the six-headed hydra's attack. x2
The six-headed hydra bites you!
The centaur wields a shortbow.
The centaur shoots an arrow.
You reflect the arrow off an invisible shield around you!
The arrow hits the centaur warrior but does no damage.
The centaur wields a +0 shortbow.
The centaur shoots an arrow.
The arrow closely misses you.
The arrow misses the meliai.
The meliai hits you but does no damage.
The meliai stings you but does no damage.
The seven-headed hydra roars! 2 centaurs come into view.
You regained 11 hp, and now have 45/93 hp.
The centaur shouts!
You thump the six-headed hydra!
The orc no longer looks unusually strong.
The centaur warrior wields a +0 shortbow.
The centaur warrior shoots an arrow.
The arrow hits you!
The meliai is distracted by your dazzling golden aura.
The centaur shoots an arrow.
The arrow hits you but does no damage.
The orc warrior hits you from afar with a +0 glaive!
* * * LOW HITPOINT WARNING * * *
The centaur shoots an arrow.
The arrow barely misses you.
The arrow misses the meliai.
The six-headed hydra is struck by your spines.
The six-headed hydra closely misses you.
The six-headed hydra bites you but does no damage. x2
The six-headed hydra misses you.
You block the six-headed hydra's attack.
The six-headed hydra bites you but does no damage.
The meliai buzzes angrily.
You take 28 damage, and have 17/93 hp.
MASSIVE DAMAGE!!
You sock the six-headed hydra!
You hear an angry buzzing noise. x2
The orc warrior no longer looks unusually strong.
The centaur warrior shoots an arrow.
You reflect the arrow off an invisible shield around you!
The arrow hits the centaur warrior!!
A vampire mosquito comes into view.
The centaur warrior is distracted by your dazzling golden aura.
The centaur shoots an arrow.
The arrow hits you but does no damage.
The centaur shoots an arrow.
You reflect the arrow off an invisible shield around you!
The arrow barely misses the centaur.
The centaur wields a +0 shortbow.
The centaur shoots an arrow.
The arrow hits you!
* * * LOW HITPOINT WARNING * * *
The orc warrior barely misses you.
The six-headed hydra bites you but does no damage.
The six-headed hydra barely misses you.
You block the six-headed hydra's attack. x2
The six-headed hydra closely misses you.
The six-headed hydra bites you but does no damage.
The centaur warrior shoots an arrow.
The arrow hits you!
* * * LOW HITPOINT WARNING * * *
The vampire mosquito moves out of view.
You take 15 damage, and have 2/93 hp.
Unknown command.
You sock the six-headed hydra!
You kill the six-headed hydra!
The meliai is no longer distracted by gold.
The meliai invokes the aid of its god against you.
Something smites you!
You die...
Your body crumbles into a pile of gold. ##........ .'....... #c..... .. #.)c..# #+# .D. ..c..# #.####.. ycc.#

#.....# #'#o###(....#
{#@$co.D.....#
......y##o###.....#..
#....#. #{..........o
.... #. #{....o..o...
... .. #............
.. .. #............ .
#................
#................
##........(....


You could see a seven-headed hydra, 2 centaur warriors, 2 orc warriors, 2
meliai, 4 centaurs and an orc.

Vanquished Creatures
  Snorg (Lair:4)
  8 hydras
  Erolcha (D:9)
  A catoblepas (Lair:6)
  A centaur warrior (D:9)
  A two-headed ogre (D:8)
  7 death yaks
  Urug (Lair:1)
  An orc knight (D:13)
  An oklob plant (Lair:6)
  Maurice (D:9)
  4 black mambas
  4 cane toads
  Maggie (D:6)
  2 rime drakes (Lair:3)
  A demonic crawler (Lair:3)
  9 komodo dragons
  3 trolls
  A meliai (D:13)
  21 blink frogs
  12 polar bears
  5 hornets
  A dream sheep (Lair:6)
  10 spriggans (Lair:6)
  37 yaks
  2 wraiths (D:11)
  Eustachio (D:6)
  A wyvern (Lair:5)
  3 basilisks
  2 steam dragons
  3 wargs
  9 water moccasins
  3 small abominations (D:5)
  A necrophage (D:6)
  6 black bears
  An ice beast (D:7)
  4 orc warriors
  30 wolves
  5 boggarts (Lair:6)
  5 ogres
  6 centaurs
  A phantom (D:5)
  A kobold brigand (D:5)
  A wyvern zombie (D:8)
  10 bullfrogs
  A gnoll sergeant (D:8)
  5 scorpions (Lair:3)
  A water moccasin skeleton (D:6)
  5 killer bees (D:6)
  2 howler monkeys
  2 centaur zombies
  A lava snake (D:7)
  Crazy Yiuf (D:6)
  5 hounds
  6 orc priests
  A jelly (D:8)
  9 orc wizards
  2 killer bee zombies
  2 howler monkey zombies
  A howler monkey skeleton (D:6)
  14 gnolls
  2 adders
  A shadow imp (D:8)
  An ufetubus (D:5)
  3 worms
  The ghost of LeprechaunX the Sneak, a weakling VSDe (D:5)
  31 orcs
  3 ball pythons
  2 endoplasms (D:1)
  2 giant cockroaches
  2 goblins (D:1)
  3 hobgoblins
  3 jackals (D:2)
  3 quokkas
  A bat (D:1)
  2 frilled lizards
  7 kobolds
  2 rats (D:2)
357 creatures vanquished.

Vanquished Creatures (others)
  47 fungi
  28 plants
  4 toadstools (D:8)
79 creatures vanquished.

Grand Total: 436 creatures vanquished

Notes
Turn   | Place    | Note
-------+----------+-------------------------------------------
     0 | D:1      | sokol815 the Demonspawn Fighter began the quest for the
                  | Orb.
     0 | D:1      | Reached XP level 1. HP: 18/18 MP: 1/1
    23 | D:1      | Reached skill level 2 in Axes
   452 | D:1      | Gained mutation: You are partially covered in sharp spines.
                  | [demonic ancestry]
   452 | D:1      | Reached XP level 2. HP: 24/24 MP: 2/2
   514 | D:1      | Reached skill level 1 in Short Blades
   794 | D:1      | Found a faded altar of an unknown god.
  1479 | D:2      | Reached skill level 2 in Short Blades
  1479 | D:2      | Reached XP level 3. HP: 29/29 MP: 3/3
  2021 | D:3      | Reached skill level 3 in Short Blades
  2021 | D:3      | Reached XP level 4. HP: 34/35 MP: 4/4
  3223 | D:4      | HP: 1/35 [gnoll (14)]
  3535 | D:4      | Gained mutation: You are mostly covered in sharp spines.
                  | [demonic ancestry]
  3535 | D:4      | Reached XP level 5. HP: 26/41 MP: 5/5
  3537 | D:4      | Reached skill level 3 in Axes
  3871 | D:4      | Noticed an ogre
  3876 | D:4      | HP: 10/41 [ogre (31)]
  3877 | D:4      | Killed an ogre
  4182 | D:5      | Entered Level 5 of the Dungeon
  4193 | D:5      | Identified the +7 leather armour "Byidiclu" {rC+}
  4252 | D:5      | Reached skill level 4 in Axes
  4253 | D:5      | Noticed an ogre
  4259 | D:5      | HP: 6/41 [ogre (11)]
  4261 | D:5      | Killed an ogre
  4262 | D:5      | Gained mutation: You are partially covered in razor-sharp
                  | scales. (AC +1, Slay +1) [demonic ancestry]
  4262 | D:5      | Reached XP level 6. HP: 7/47 MP: 6/6
  4272 | D:5      | Reached skill level 5 in Axes
  5070 | D:5      | Found a transporter.
  5074 | D:5      | Found a transporter.
  5087 | D:5      | Found a one-way gate to the infinite horrors of the Abyss.
  5087 | D:5      | Noticed LeprechaunX's ghost (weakling VSDe)
  5831 | D:6      | Reached XP level 7. HP: 52/52 MP: 7/7
  5864 | D:6      | Found a runed translucent door.
  5865 | D:6      | Noticed Crazy Yiuf
  5873 | D:6      | Killed Crazy Yiuf
  6157 | D:6      | Reached skill level 6 in Axes
  6307 | D:6      | Noticed Eustachio
  6328 | D:6      | Killed Eustachio
  6405 | D:6      | Reached skill level 7 in Axes
  6465 | D:6      | Identified a scroll of acquirement
  6465 | D:6      | Acquired the ring of Haecal {rN+ rCorr Int+3 Dex+4}
  6487 | D:6      | HP: 3/52 [centaur/arrow (11)]
  6488 | D:6      | Gained mutation: A meltable shield of frost defends you.
                  | (SH +4) [demonic ancestry]
  6488 | D:6      | Reached XP level 8. HP: 3/58 MP: 8/8
  6491 | D:6      | Reached skill level 8 in Axes
  6596 | D:6      | Reached skill level 9 in Axes
  6817 | D:6      | Noticed Maggie
  6973 | D:7      | Found a staircase to the Ecumenical Temple.
  6983 | Temple   | Entered the Ecumenical Temple
  6990 | Temple   | Became a worshipper of Gozag Ym Sagoz the Greedy
  7550 | D:8      | Reached skill level 10 in Axes
  7580 | D:8      | Reached XP level 9. HP: 51/63 MP: 9/9
  7727 | D:8      | Found a shimmering blue altar of Sif Muna.
  7866 | D:8      | Noticed a two-headed ogre
  7875 | D:8      | Killed a two-headed ogre
  7876 | D:8      | Reached skill level 11 in Axes
  8355 | D:9      | Noticed a troll
  8362 | D:9      | Killed a troll
  8531 | D:9      | Noticed Erolcha
  8535 | D:9      | Noticed Maurice
  8551 | D:9      | Reached skill level 12 in Axes
  8563 | D:9      | Killed Erolcha
  8564 | D:9      | Reached XP level 10. HP: 70/70 MP: 10/10
  8574 | D:9      | Paralysed by something for 6 turns
  8583 | D:9      | Killed Maurice
  8710 | D:8      | Bought a pair of runed boots for 255 gold pieces
  8720 | D:8      | Learned a level 4 spell: Fulminant Prism
  8804 | D:9      | Found a staircase to the Lair.
  8848 | D:9      | Reached skill level 1 in Conjurations
  8848 | D:9      | Reached skill level 1 in Hexes
  9046 | D:9      | Noticed a centaur warrior
  9055 | D:9      | Killed a centaur warrior
  9056 | D:9      | Reached skill level 2 in Conjurations
  9056 | D:9      | Reached skill level 2 in Hexes
  9329 | D:9      | Reached skill level 13 in Axes
  9556 | D:9      | Found Ustibimu's CLEARANCE SALE! EVERYTHING MUST GO!.
  9564 | D:9      | Bought a scroll of acquirement for 156 gold pieces
  9564 | D:9      | Acquired 1049 gold pieces
  9722 | D:9      | Bought a +2 pair of gloves of dexterity for 64 gold pieces
 10089 | D:10     | Entered Level 10 of the Dungeon
 10161 | D:10     | Reached skill level 3 in Shields
 10832 | D:10     | Reached skill level 3 in Conjurations
 10832 | D:10     | Reached skill level 3 in Hexes
 10839 | D:10     | Reached skill level 4 in Shields
 10854 | D:10     | Gained mutation: You have a pair of small antennae on your
                  | head. [demonic ancestry]
 10854 | D:10     | Reached XP level 11. HP: 63/75 MP: 11/11
 11356 | Lair:1   | Entered Level 1 of the Lair of Beasts
 11512 | Lair:1   | Reached skill level 4 in Hexes
 11878 | Lair:1   | Reached skill level 4 in Conjurations
 11882 | Lair:1   | Found a hazy altar of Hepliaklqana.
 11912 | Lair:1   | Noticed Urug
 11927 | Lair:1   | HP: 8/75 [something (13)]
 13474 | Lair:3   | Noticed a death yak
 13474 | Lair:3   | Noticed a death yak
 13474 | Lair:3   | Noticed a death yak
 13475 | Lair:3   | Noticed a death yak
 13490 | Lair:3   | Noticed a death yak
 13490 | Lair:3   | Noticed a death yak
 13490 | Lair:3   | Noticed a death yak
 13503 | Lair:2   | Killed a death yak
 13504 | Lair:2   | Reached skill level 14 in Axes
 13504 | Lair:2   | Reached skill level 5 in Conjurations
 13504 | Lair:2   | Reached skill level 5 in Hexes
 13631 | Lair:3   | Noticed a five-headed hydra
 13915 | Lair:1   | HP: 13/75 [Urug/javelin (16)]
 14258 | Lair:2   | Killed a death yak
 14258 | Lair:2   | Killed a death yak
 14390 | Lair:2   | HP: 16/75 [polar bear (13)]
 14667 | Lair:3   | Reached skill level 6 in Conjurations
 14667 | Lair:3   | Reached skill level 6 in Hexes
 14677 | Lair:3   | Noticed a seven-headed hydra
 14833 | Lair:2   | Killed a five-headed hydra
 14883 | Lair:3   | Gained mutation: You have a pair of antennae on your head.
                  | [demonic ancestry]
 14883 | Lair:3   | Reached XP level 12. HP: 81/81 MP: 12/12
 15022 | Lair:3   | Killed a seven-headed hydra
 15359 | Lair:3   | Found a hole to the Spider Nest.
 15397 | Lair:3   | Reached skill level 15 in Axes
 15406 | Lair:3   | Reached skill level 7 in Conjurations
 15406 | Lair:3   | Reached skill level 7 in Hexes
 15623 | Lair:3   | Killed a death yak
 15631 | Lair:3   | Killed a death yak
 15635 | Lair:3   | Killed a death yak
 15645 | Lair:3   | Killed a death yak
 15852 | Lair:3   | Found a staircase to the Shoals.
 16447 | Lair:4   | Noticed Snorg
 17213 | Lair:4   | Killed Snorg
 17214 | Lair:4   | Reached skill level 3 in Armour
 17274 | Lair:5   | Reached skill level 1 in Dodging
 17295 | Lair:5   | Reached skill level 8 in Hexes
 17345 | Lair:5   | Reached skill level 8 in Conjurations
 17643 | Lair:5   | Reached skill level 2 in Dodging
 17643 | Lair:5   | Gained mutation: A meltable icy envelope protects you from
                  | harm. (AC +4) [demonic ancestry]
 17643 | Lair:5   | Reached XP level 13. HP: 85/88 MP: 13/13
 17688 | Lair:5   | Found a transporter.
 17696 | Lair:5   | Reached skill level 4 in Fighting
 17777 | Lair:5   | Noticed Isouggaj's ghost (journeyman BaIE)
 17825 | Lair:5   | Found a transporter.
 17882 | Lair:5   | Learned a level 6 spell: Starburst
 18613 | Lair:6   | Entered Level 6 of the Lair of Beasts
 18704 | Lair:6   | Reached skill level 1 in Fire Magic
 18806 | Lair:6   | Reached skill level 2 in Fire Magic
 18836 | Lair:6   | Reached skill level 16 in Axes
 18917 | Lair:6   | Reached skill level 3 in Dodging
 18961 | Lair:6   | Reached skill level 3 in Fire Magic
 19018 | Lair:6   | Reached skill level 5 in Fighting
 19057 | Lair:6   | Reached skill level 4 in Fire Magic
 19216 | Lair:6   | Found a viscous altar of Jiyva.
 19216 | Lair:6   | Found a staircase to the Slime Pits.
 19390 | Lair:6   | Found an ornate altar of the Wu Jian Council.
 19397 | Lair:6   | Acquired a book of the Spheres
 19425 | Lair:6   | Learned a level 7 spell: Orb of Destruction
 19979 | Lair:6   | Reached skill level 9 in Conjurations
 20002 | Lair:6   | Reached skill level 6 in Fighting
 20167 | Lair:6   | HP: 23/93 [ten-headed hydra (3)]
 20167 | Lair:6   | HP: 7/93 [ten-headed hydra (6)]
 20174 | Lair:6   | HP: 6/93 [wolf (3)]
 20563 | Lair:6   | Reached skill level 10 in Conjurations
 21485 | Lair:1   | Killed Urug
 21762 | D:6      | Killed Maggie
 21874 | D:5      | Killed LeprechaunX's ghost
 22629 | D:11     | Bought the amulet "Raoggav" {Reflect Will+ SH+5} for 596
                  | gold pieces
 22652 | D:12     | You fall into a shaft and drop 1 floor!
 22668 | D:13     | Reached skill level 11 in Conjurations
 22677 | D:13     | HP: 17/93 [orc warrior[an orc knight] (16)]
 22678 | D:13     | HP: 2/93 [centaur warrior/arrow (7)]
 22679 | D:13     | Killed from afar by a meliai

Illustrated notes

Levels and vault maps discovered:
D:1:      scummos_arrival_checkerplants, layout_loops_ring,
          dilly_ecumenical_altar_fadedgnrine
D:2:      layout_loops_ring, hangedman_decor_points
D:3:      layout_basic
D:4:      layout_loops_ring, minmay_misc_feat_chi, st_stairs_5,
          kennysheep_cross_room
D:5:      layout_layer_cave, gammafunk_ghost_abyssal_escape
D:6:      layout_loops_ring, uniq_eustachio, uniq_crazy_yiuf_cottage,
          uniq_maggie
D:7:      layout_rooms, minmay_temple_entry_stoned_glass, grunt_decor_junction
D:8:      layout_basic, lemuel_doored_altar, chequers_serial_rivers_micro_a,
          minmay_gold_behind_fungi
D:9:      layout_basic, erik_lair_orcish_takeover, nicolae_shop_clearance,
          uniq_maurice, uniq_erolcha
D:10:     layout_stronghold
D:11:     layout_roguey
D:12:     minmay_gate_of_8, layout_stronghold, orc_david_3, serial_shops, shop,
          lemuel_flame_loot_1, uniq_sonja
D:13:     layout_basic, portal_ice_cave_rime, uniq_frances
Temple:   compressed_dpeg_triangle_lava_temple
Lair:1:   layout_regular_city, basic_altar, uniq_urug
Lair:2:   layout_roguey
Lair:3:   layout_roguey, elwin_shoals_entry_rooms,
          nicolae_spider_entry_non_spiders, nicolae_lair_grove_arrangements
Lair:4:   layout_misc_corridors, serial_bayou_shore_b, uniq_snorg
Lair:5:   layout_roguey, gammafunk_ghost_arena, columned_hall_lemuel,
          beast_lair_carwin_10
Lair:6:   minmay_lair_end_enchanted_forest, layout_cave_pods,
          dpeg_slime_entry_enclosed_altar, basic_altar, minivault_25,
          chequers_serial_rivers_micro_c

Skill      XL: |  1  2  3  4  5  6  7  8  9 10 11 12 13 |
---------------+----------------------------------------+-----
Axes           | 2 4 5 7 10 12 13 14 15 16 | 16.0
Short Blades   | 2 3 |  3.5
Conjurations   | 3 6 8 11 | 11.1
Hexes          | 3 6 8 |  8.0
Shields        | 4 |  4.0
Armour         | 3 |  3.0
Dodging        | 2 3 |  3.0
Fighting       | 6 |  6.0
Fire Magic     | 4 |  4.0

Action                   |  1- 3 |  4- 6 |  7- 9 | 10-12 | 13-15 || total
-------------------------+-------+-------+-------+-------+-------++-------
Melee: War axe           |    15 |    28 |   128 |   388 |   292 ||   851
       Dagger            |    56 |     9 |       |     1 |       ||    66
       Flail             |       |       |       |    11 |    19 ||    30
Throw: Stone             |    50 |    35 |    15 |       |       ||   100
       Dart              |       |       |       |     6 |       ||     6
Invok: Call Merchant     |       |       |       |     2 |     2 ||     4
Evoke: Wand              |       |       |     2 |     9 |    19 ||    30
  Use: Scroll            |       |     9 |     6 |     9 |     6 ||    30
       Potion            |       |     1 |     4 |     3 |     3 ||    11
 Stab: Paralysed         |       |       |     3 |       |       ||     3
       Distracted        |       |       |     2 |     2 |     4 ||     8
       Sleeping          |       |       |       |     9 |     3 ||    12
Armor: Scale mail        |    26 |     1 |       |       |       ||    27
       Ring mail         |       |     6 |       |       |       ||     6
       Leather armour    |       |     4 |    62 |   142 |   123 ||   331
Dodge: Dodged            |    16 |    15 |    40 |   149 |   129 ||   349
Block: Kite shield       |    23 |    28 |    90 |    24 |       ||   165
       Buckler           |       |       |       |   153 |   141 ||   294
       Reflection        |       |       |       |       |     3 ||     3

Table legend: (Time is in decaauts)
 A = Elapsed time spent in this place.
 B = Non-inter-level travel time spent in this place.
 C = Inter-level travel time spent in this place.
 D = Time resting spent in this place.
 E = Time spent auto-exploring this place.
 F = Levels seen in this place.
 G = Mean time per level.
                   A        B        C        D        E       F      G
               +--------+--------+--------+--------+--------+-----+--------+
         Total |  22666 |  20882 |   1784 |   4232 |  13965 |  20 | 1133.3 |
       Dungeon |  12784 |  11521 |   1263 |   1861 |   8209 |  13 |  983.4 |
        Temple |     14 |      7 |      7 |      0 |      0 |   1 |   14.0 |
          Lair |   9867 |   9355 |    512 |   2371 |   5756 |   6 | 1644.5 |
               +--------+--------+--------+--------+--------+-----+--------+

Top non-repeatable levels by time:
  Lair:6: 2380 daAuts
  Lair:2: 2237 daAuts
     D:9: 1863 daAuts
     D:5: 1710 daAuts
  Lair:3: 1649 daAuts
  Lair:1: 1510 daAuts
     D:4: 1469 daAuts
  Lair:5: 1379 daAuts
     D:6: 1345 daAuts
    D:10: 1246 daAuts
     D:3: 1196 daAuts
     D:1: 992 daAuts
     D:8: 971 daAuts
     D:2: 841 daAuts
  Lair:4: 709 daAuts

Table legend:
 A = Kills in this place as a percentage of kills in entire the game.
 B = Kills by you in this place as a percentage of kills by you in the entire game.
 C = Kills by friends in this place as a percentage of kills by friends in the entire game.
 D = Other kills in this place as a percentage of other kills in the entire game.
 E = Experience gained in this place as a percentage of experience gained in the entire game.
 F = Experience gained in this place divided by the number of levels of this place that you have seen.
                   A       B       C       D       E      F
               +-------+-------+-------+-------+-------+----------------------
         Total | 100.0 | 100.0 |   N/A |   N/A | 100.0 | 3264.9
       Dungeon |  50.4 |  50.4 |   N/A |   N/A |  24.8 | 1244.7
          Lair |  49.6 |  49.6 |   N/A |   N/A |  75.2 | 8186.2
               +-------+-------+-------+-------+-------+----------------------
